 Dungeon Crawl Stone Soup version 0.27.0-1-g7a089689b8 (console) character file.

Game seed: 7258596737872925919

26 jejorda2 the Vexing (level 3, 0/27 HPs)
             Began as a Merfolk Arcane Marksman on Aug 2, 2021.
             Slain by a kobold (2 damage)
             ... on level 1 of the Dungeon.
             The game lasted 00:02:37 (1967 turns).

jejorda2 the Vexing (Merfolk Arcane Marksman)       Turns: 1967, Time: 00:02:37

Health: 0/27       AC:  3    Str: 11    XL:     3   Next: 8%
Magic:  4/4        EV: 12    Int: 12    God:
Gold:   12         SH:  0    Dex: 14    Spells: 3/4 levels left

rFire    . . .     SeeInvis .   e - +0 dagger
rCold    . . .     Faith    .   (no shield)
rNeg     . . .     Spirit   .   i - +0 leather armour
rPois    .         Reflect  .   (no helmet)
rElec    .         Harm     .   (no cloak)
rCorr    .         Rampage  .   (no gloves)
Will     .....                  (no boots)
Stlth    +.........             (no amulet)
HPRegen  0.09/turn              (no ring)
MPRegen  0.09/turn              (no ring)

@: no status effects
A: (nimble swimmer 2), mertail
a: no special abilities


You were on level 1 of the Dungeon.
You visited 1 branch of the dungeon, and saw 1 of its levels.

You collected 12 gold pieces.

Inventory:

Hand Weapons
 e - a +0 dagger (weapon)
Missiles
 b - 4 javelins (quivered)
 g - 11 stones
Armour
 i - a +0 leather armour (worn)
Scrolls
 a - a scroll of teleportation {unknown}
 d - a scroll of identify {unknown}
 h - 2 scrolls of fear {unknown}
Potions
 f - a potion of magic {unknown}


   Skills:
 + Level 1.8 Fighting
 * Level 2.7 Polearms
 - Level 2.0 Throwing
 + Level 0.6 Armour
 - Level 2.6 Dodging
 - Level 1.0 Spellcasting
 - Level 3.0 Hexes


You had 3 spell levels left.
You knew the following spells:

 Your Spells              Type           Power      Damage    Failure   Level
a - Corona                Hex            7%         N/A       12%         1

Your spell library contained the following spells:

 Spells                   Type           Power      Damage    Failure   Level
 Slow                     Hex            7%         N/A       17%         2
 Confusing Touch          Hex            7%         N/A       34%         3
 Inner Flame              Hex/Fire       4%         N/A       54%         3
 Portal Projectile        Hex/Tloc       8%         N/A       54%         3
 Cause Fear               Hex            3%         N/A       75%         4
 Yara's Violent Unravell  Hex/Tmut       2%         3d3       99%         5


Dungeon Overview and Level Annotations

Branches:
Dungeon (1/15)

Altars:


Innate Abilities, Weirdness & Mutations

((You are quick and stealthy near water. (Stealth+, EV+, Speed+++)))
Your lower body shifts to a powerful aquatic tail in water.


Message History

The kobold hits you with a +0 short sword of speed.
You barely miss the kobold.
The kobold is moderately wounded.
The kobold hits you with a +0 short sword of speed.
The kobold closely misses you.
You hit the kobold but do no damage.
The kobold is moderately wounded.
The kobold hits you with a +0 short sword of speed.
* * * LOW HITPOINT WARNING * * *
You closely miss the kobold.
The kobold is moderately wounded.
The kobold hits you with a +0 short sword of speed.
* * * LOW HITPOINT WARNING * * *
The kobold barely misses you.
Throw: 5 javelins
Press: ? - help, Q - select action, (/) - cycle Shift-Dir - straight line, f - kobold
Aim: a kobold, wielding a +0 short sword of speed and quivering stones (moderately wounded, 51% to hit)
You throw a javelin. The javelin closely misses the kobold.
The javelin pierces through the rat but does no damage.
The javelin pierces through the kobold.
You kill the kobold!
The kobold hits you with a +0 short sword of speed.
* * * LOW HITPOINT WARNING * * *
The kobold hits you with a +0 short sword of speed.
* * * LOW HITPOINT WARNING * * *
Throw: 2 throwing nets
Press: ? - help, Shift-Dir - straight line, f/p - kobold
Aim: a kobold, wielding a +0 short sword of speed and quivering stones (51% to hit)
You throw a throwing net.
The throwing net closely misses the kobold.
The throwing net completely misses the rat.
The kobold closely misses you.
Throw: throwing net
Press: ? - help, Shift-Dir - straight line, f/p - kobold
Aim: a kobold, wielding a +0 short sword of speed and quivering stones (51% to hit)
You throw a throwing net.
The throwing net closely misses the kobold.
The throwing net completely misses the rat.
The kobold hits you with a +0 short sword of speed.
You die...

#.#.#....#######.#.###.#
#.#.##...#.............######
#.#⌠.....#.####.............#
#.#####..#.# #....##########
.<.........######..#
#.#####..#........>#
#.#⌠.....#.#.......#
#.#.##...#.#.#########.. #
#.#.#....#......@Kr)...( #
#.#......#.#.#########.. #
#.#......#.#.# #
#.#.....##.#.##### #
.......#.#.#.##..# #
......#..#.#.#...# #
#.########.#....## #
....>....#.#....# #
#........#.....### #


You could see a kobold and a rat.

Vanquished Creatures
  A dart slug (D:1)
  3 endoplasms (D:1)
  A giant cockroach (D:1)
  2 goblins (D:1)
  4 hobgoblins (D:1)
  2 jackals (D:1)
  2 kobolds (D:1)
  2 ball pythons (D:1)
  2 bats (D:1)
  A frilled lizard (D:1)
  2 rats (D:1)
22 creatures vanquished.

Notes
Turn   | Place    | Note
-------+----------+-------------------------------------------
     0 | D:1      | jejorda2 the Merfolk Arcane Marksman began the quest for
                  | the Orb.
     0 | D:1      | Reached XP level 1. HP: 15/15 MP: 2/2
   144 | D:1      | Reached skill level 1 in Polearms
   497 | D:1      | Reached XP level 2. HP: 21/21 MP: 3/3
   503 | D:1      | HP: 1/21 [frozen (2)]
  1629 | D:1      | Reached XP level 3. HP: 21/27 MP: 4/4
  1967 | D:1      | Slain by a kobold

Illustrated notes

Levels and vault maps discovered:
D:1:      matt_arrival_grand_opening, layout_basic,
          shapermc_ecumenical_altar_petra, nrook_mini_backslash

Skill      XL: |  1  2 |
---------------+-------+-----
Polearms       | 1 2 |  2.7
Fighting       | |  1.8
Throwing       | |  2.0
Armour         | |  0.6
Dodging        | |  2.6
Spellcasting   | |  1.0
Hexes          | |  3.0

Action                   || total
-------------------------++-------
Melee: Dagger            ||   142
       Unarmed           ||    14
Throw: Throwing net      ||     2
       Javelin           ||     1
 Stab: Sleeping          ||     1
Armor: Robe              ||    17
       Leather armour    ||    16
Dodge: Dodged            ||    99
